Map: King's Cove LE

Players

iPlayDefense

  • Race: Terran Terran
  • League: Silver
  • Spawn Location: 5:00

VOD

Have the link to the VOD?

Description

Time

  • Played on: April 16, 2025, 5:56 p.m.
  • Length: 19:33
Show
View Real Time Build Order
Export as new Build Order

iPlayDefense Terran 

Build Orders:  

Get SALT Encoding   

  12  0:00  SCV  
  13  0:37  Supply Depot  
  13  0:40  SCV  
  14  0:57  SCV  
  15  1:12  Refinery  
  15  1:14  SCV  
  15  1:19  Barracks  
  16  1:31  SCV  
  17  1:47  SCV  
  18  2:00  Supply Depot  
  18  2:25  Orbital Command  
  18  2:27  Barracks Reactor  
  18  2:39  Command Center  
  18  3:12  SCV  
  18  3:18  Marine x2  
  21  3:29  SCV  
  22  3:35  Refinery  
  22  3:42  Marine  
  22  3:46  SCV  
  24  4:00  Barracks  
  24  4:03  SCV  
  24  4:07  Marine x2, Barracks  
  27  4:22  Orbital Command  
  27  4:48  Bunker  
  27  5:09  Factory  
  27  5:16  SCV x2  
  27  5:18  Marine x2  
  31  5:32  Supply Depot  
  31  5:33  SCV x2  
  31  5:36  Supply Depot  
  33  5:43  Barracks Tech Lab x2  
  33  6:14  Marine x4  
  37  6:20  Stimpack  
  37  6:26  Supply Depot  
  37  6:32  SCV x2  
  37  6:39  Marine x4  
  43  6:49  SCV x2  
  45  6:50  Supply Depot, Unknown  
  45  6:51  Supply Depot  
  45  7:09  Starport  
  45  7:38  Command Center  
  45  7:45  SCV  
  45  7:46  SCV  
  45  7:47  Marine x3  
  45  7:48  Marine  
  51  8:02  SCV  
  51  8:03  SCV  
Tags
 
League
Silver
Matchup
Co-op
Replay Pack
DaveSC2
Add a new tag
Caveats
  • Supply blocks, unpowered buildings, or Contaminate may cause inaccurate times.
  • Supply counts are checked every 10 seconds.